 Dungeon Crawl Stone Soup version 0.26.0-15-gc6cd9f700b (webtiles) character file.

Game seed: 1780832884024362765

100 jackrogers the Slasher (level 4, -1/28 HPs)
             Began as a Gargoyle Berserker on Jan 17, 2021.
             Was a Believer of Trog.
             Killed by nerve-wracking pain
             ... invoked by Grinder
              (4 damage)
             ... on level 3 of the Dungeon.
             The game lasted 00:02:36 (2637 turns).

jackrogers the Slasher (Gargoyle Berserker)         Turns: 2637, Time: 00:02:36

Health: -1/28      AC: 10    Str: 21    XL:     4   Next: 74%
Magic:  4/4        EV: 12    Int:  8    God:    Trog [**....]
Gold:   180        SH:  0    Dex:  9    Spells: 3/3 levels left

rFire    . . .     SeeInvis .   a - +1 falchion
rCold    . . .     Faith    .   (no shield)
rNeg     + . .     Spirit   .   b - +1 animal skin
rPois    ∞         Reflect  .   (no helmet)
rElec    +         Harm     .   (no cloak)
rCorr    .         Rampage  .   (no gloves)
Will     .....                  (no boots)
Stlth    +.........             (no amulet)
HPRegen  0.09/turn              (no ring)
MPRegen  0.09/turn              o - +4 ring of protection

@: berserk cooldown, slowed, very slow
A: negative energy resistance 1, electricity resistance, unbreathing,
petrification resistance, miasma immunity, AC +3
a: Renounce Religion, Berserk, Trog's Hand


You were on level 3 of the Dungeon.
You worshipped Trog.
Trog was pleased with you.
You visited 1 branch of the dungeon, and saw 3 of its levels.

You collected 180 gold pieces.

Inventory:

Hand Weapons
 a - a +1 falchion (weapon)
Missiles
 g - 23 poisoned darts
 h - 51 stones (quivered)
 l - 8 boomerangs
Armour
 b - a +1 animal skin (worn)
Jewellery
 i - an uncursed ring of fire {rF+, rC-}
   (You found it on level 1 of the Dungeon)
 o - a +4 ring of protection (right hand)
   (You found it on level 2 of the Dungeon)
Wands
 n - a wand of enslavement (6)
   (You found it on level 2 of the Dungeon)
Scrolls
 f - 2 scrolls of enchant armour
 k - a scroll of remove curse
Potions
 c - 4 potions of heal wounds
 p - a potion of invisibility
 q - a potion of lignification {unknown}
 r - a potion of cancellation {unknown}
 s - a potion of flight


   Skills:
 - Level 3.2 Fighting
 + Level 4.8 Long Blades
 - Level 2.1 Armour
 - Level 1.5 Dodging


You had 3 spell levels left.
You didn't know any spells.
Your spell library was empty.

Dungeon Overview and Level Annotations

Branches:
Dungeon (3/15)

Altars:
Nemelex Xobeh

Annotations:
D:3 Grinder


Innate Abilities, Weirdness & Mutations

You are resistant to torment.
Your stone body is resilient. (AC +3)
You are immune to poison.
You resist negative energy. (rN+)
You are resistant to electric shocks. (rElec)
You can survive without breathing.
You are immune to petrification.
You are immune to miasma.


Message History

h - 50 stones (gained 1)
You now have 172 gold pieces (gained 14).
h - 51 stones (gained 1)
You now have 180 gold pieces (gained 8).
You see here a leather armour.
A ball python comes into view.
The ball python hisses angrily.
A ball python is nearby!
A ball python is nearby!
A ball python is nearby!
A ball python is nearby!
You throw a stone.
The stone barely misses the ball python.
You throw a stone. The stone hits the ball python.
You closely miss the ball python.
The ball python bites you but does no damage.
The ball python closely misses you. The ball python bites you.
The ball python grabs you. The ball python constricts you.
You hit the ball python.
You kill the ball python!
Trog accepts your kill.
h - 50 stones (gained 1)
h - 51 stones (gained 1) Grinder comes into view.
Grinder shouts!
Spoiler Alert: Grinder can cast Paralyse!
A red film seems to cover your vision as you go berserk!
You feel yourself moving faster!
You feel mighty!
You slash Grinder!
Grinder blinks!
Found a stone staircase leading up.
You feel a strong urge to attack something.
You slash Grinder!
Grinder blinks!
Spoiler Alert: Grinder can cast Paralyse!
You feel a strong urge to attack something.
You are no longer berserk.
You are exhausted.
You feel yourself slow down.
You see here 14 gold pieces.
Grinder hits you but does no damage.
Spoiler Alert: Grinder can cast Paralyse!
You barely miss Grinder. Grinder gestures at you.
You barely resist. Grinder barely misses you.
You closely miss Grinder. Grinder misses you. Grinder gestures at you.
You resist with significant effort.
Spoiler Alert: Grinder can cast Paralyse!
You hit Grinder but do no damage. Grinder hits you but does no damage.
You hit Grinder but do no damage. Grinder barely misses you.
You riposte.
You hit Grinder. Grinder gestures at you. You resist with significant effort.
You barely miss Grinder. Grinder hits you.
Spoiler Alert: Grinder can cast Paralyse!
You slash Grinder! Grinder hits you! Grinder closely misses you.
Unknown command.
You barely miss Grinder.
Grinder blinks!
Unknown command.
You hit Grinder. Grinder gestures at you.
You suddenly lose the ability to move!
Grinder hits you.
You writhe in agony.
Grinder hits you but does no damage. Grinder gestures at you.
You shrug off the repeated paralysis!
You can move again.
Spoiler Alert: Grinder can cast Paralyse!
You hit Grinder.
Grinder says, "My boss said I was rubbish.
His entrails said otherwise."
Grinder blinks!
Grinder gestures at you. Pain shoots through your body!
Grinder gestures at you. Pain shoots through your body!
Spoiler Alert: Grinder can cast Paralyse!
Grinder gestures at you. Pain shoots through your body!
* * * LOW HITPOINT WARNING * * *
You hit Grinder. Grinder barely misses you.
You barely miss Grinder. Grinder hits you but does no damage.
Grinder gestures at you.
You suddenly lose the ability to move!
Grinder blinks!
You can move again.
Spoiler Alert: Grinder can cast Paralyse!
Unknown command.
Grinder says, "You look like you could use a good racking."
Grinder hits you but does no damage.
You barely miss Grinder. Grinder gestures at you.
You resist with significant effort. Grinder gestures at you.
Pain shoots through your body!
* * * LOW HITPOINT WARNING * * *
Spoiler Alert: Grinder can cast Paralyse!
You barely miss Grinder. Grinder gestures at you.
Pain shoots through your body!
You die...

[..................#
...................#
....############$..#
<.### #...#####..
..# #...!...... ###
##.[......#
##........#
#..........
#@.........
#5..?......
#.......(..
#..........
##........ ##......#
######


You could see Grinder.

Vanquished Creatures
  3 adders
  4 worms (D:2)
  A dart slug (D:2)
  3 leopard geckos
  A ball python (D:3)
  A giant cockroach (D:1)
  6 goblins
  8 hobgoblins
  4 jackals (D:2)
  7 bats
  7 frilled lizards
  5 kobolds (D:2)
  10 rats
60 creatures vanquished.

Notes
Turn   | Place    | Note
-------+----------+-------------------------------------------
     0 | D:1      | jackrogers the Gargoyle Berserker began the quest for the
                  | Orb.
     0 | D:1      | Reached XP level 1. HP: 14/14 MP: 1/1
   163 | D:1      | Reached skill level 3 in Long Blades
   189 | D:1      | Reached XP level 2. HP: 19/19 MP: 2/2
   881 | D:2      | Reached XP level 3. HP: 13/23 MP: 3/3
  1095 | D:2      | Found a faded altar of an unknown god.
  1102 | D:2      | Reached skill level 4 in Long Blades
  1229 | D:2      | Reached ** piety under Trog
  1404 | D:2      | Found a sparkling altar of Nemelex Xobeh.
  1488 | D:2      | Reached XP level 4. HP: 14/28 MP: 4/4
  2604 | D:3      | Noticed Grinder
  2623 | D:3      | Paralysed by Grinder for 4 turns
  2630 | D:3      | HP: 7/28 [Grinder/nerve-wracking pain (2)]
  2632 | D:3      | Paralysed by Grinder for 2 turns
  2636 | D:3      | HP: 3/28 [Grinder/nerve-wracking pain (5)]
  2637 | D:3      | Killed from afar by Grinder

Illustrated notes

Levels and vault maps discovered:
D:1:      dpeg_arrival_oval, layout_loops_ring, grunt_decor_cap,
          minmay_pentomino_w2
D:2:      layout_basic, chequers_ecumenical_altar_island,
          minmay_misc_feat_roman, nemelex_diamond_rough_becter
D:3:      layout_rooms, fiery_altar_vehumet, nicolae_overflow_crystal_walls,
          grunt_gozag_breadcrumbs, uniq_crazy_yiuf_cottage, uniq_grinder

Skill      XL: |  1  2  3 |
---------------+----------+-----
Long Blades    | 3 4 |  4.8
Fighting       | |  3.2
Armour         | |  2.1
Dodging        | |  1.5

Action                   |  1- 3 |  4- 6 || total
-------------------------+-------+-------++-------
Melee: Falchion          |   135 |    69 ||   204
Throw: Stone             |    34 |    40 ||    74
Invok: Berserk           |       |     1 ||     1
  Use: Scroll            |       |     8 ||     8
Armor: Animal skin       |    46 |    23 ||    69
Dodge: Dodged            |   103 |    40 ||   143
       Rpst.: Falchion   |    30 |    12 ||    42

Table legend: (Time is in decaauts)
 A = Elapsed time spent in this place.
 B = Non-inter-level travel time spent in this place.
 C = Inter-level travel time spent in this place.
 D = Time resting spent in this place.
 E = Time spent auto-exploring this place.
 F = Levels seen in this place.
 G = Mean time per level.
                   A        B        C        D        E       F      G
               +--------+--------+--------+--------+--------+-----+--------+
         Total |   2674 |   2631 |     43 |    518 |   1658 |   3 |  891.3 |
       Dungeon |   2674 |   2631 |     43 |    518 |   1658 |   3 |  891.3 |
               +--------+--------+--------+--------+--------+-----+--------+

Top non-repeatable levels by time:
     D:2: 1711 daAuts
     D:1: 849 daAuts
     D:3: 113 daAuts

Table legend:
 A = Kills in this place as a percentage of kills in entire the game.
 B = Kills by you in this place as a percentage of kills by you in the entire game.
 C = Kills by friends in this place as a percentage of kills by friends in the entire game.
 D = Other kills in this place as a percentage of other kills in the entire game.
 E = Experience gained in this place as a percentage of experience gained in the entire game.
 F = Experience gained in this place divided by the number of levels of this place that you have seen.
                   A       B       C       D       E      F
               +-------+-------+-------+-------+-------+----------------------
         Total | 100.0 | 100.0 |   N/A |   N/A | 100.0 |  48.0
       Dungeon | 100.0 | 100.0 |   N/A |   N/A | 100.0 |  48.0
               +-------+-------+-------+-------+-------+----------------------
